Workbook

Sheet Vendas
A1: ID da venda | B1: Data | C1: Nº do pedido | D1: Canal | E1: Código do produto | F1: Produto | G1: Quantidade | H1: Preço unitário | I1: Faturamento bruto | J1: Forma de pagamento | K1: Status | L1: Observação | N1: Indicador | O1: Valor
A2: V001 | B2: 46267 | C2: PD-1001 | D2: Balcão | E2: PR001 | F2: =IF('Vendas'!E2="","",IFERROR(VLOOKUP('Vendas'!E2,'Estoque'!$A$2:$F$101,2,FALSE),"Produto não cadastrado")) | G2: 2 | H2: =IF('Vendas'!E2="","",IFERROR(VLOOKUP('Vendas'!E2,'Estoque'!$A$2:$F$101,6,FALSE),0)) | I2: =IF(OR('Vendas'!G2="",'Vendas'!H2=""),"",IFERROR('Vendas'!G2*'Vendas'!H2,0)) | J2: Pix | K2: Concluído | L2: São Paulo - consumo no salão | N2: Faturamento total | O2: =SUM('Vendas'!$I$2:$I$101)
A3: V002 | B3: 46268 | C3: PD-1002 | D3: Delivery | E3: PR002 | F3: =IF('Vendas'!E3="","",IFERROR(VLOOKUP('Vendas'!E3,'Estoque'!$A$2:$F$101,2,FALSE),"Produto não cadastrado")) | G3: 1 | H3: =IF('Vendas'!E3="","",IFERROR(VLOOKUP('Vendas'!E3,'Estoque'!$A$2:$F$101,6,FALSE),0)) | I3: =IF(OR('Vendas'!G3="",'Vendas'!H3=""),"",IFERROR('Vendas'!G3*'Vendas'!H3,0)) | J3: Cartão de crédito | K3: Concluído | L3: Campinas - entrega residencial | N3: Ticket médio | O3: =IFERROR(AVERAGE('Vendas'!$I$2:$I$101),0)
A4: V003 | B4: 46269 | C4: PD-1003 | D4: Aplicativo | E4: PR003 | F4: =IF('Vendas'!E4="","",IFERROR(VLOOKUP('Vendas'!E4,'Estoque'!$A$2:$F$101,2,FALSE),"Produto não cadastrado")) | G4: 3 | H4: =IF('Vendas'!E4="","",IFERROR(VLOOKUP('Vendas'!E4,'Estoque'!$A$2:$F$101,6,FALSE),0)) | I4: =IF(OR('Vendas'!G4="",'Vendas'!H4=""),"",IFERROR('Vendas'!G4*'Vendas'!H4,0)) | J4: Pix | K4: Concluído | L4: Belo Horizonte - pedido corporativo | N4: Pedidos concluídos | O4: =COUNTIF('Vendas'!$K$2:$K$101,"Concluído")
A5: V004 | B5: 46270 | C5: PD-1004 | D5: Balcão | E5: PR005 | F5: =IF('Vendas'!E5="","",IFERROR(VLOOKUP('Vendas'!E5,'Estoque'!$A$2:$F$101,2,FALSE),"Produto não cadastrado")) | G5: 2 | H5: =IF('Vendas'!E5="","",IFERROR(VLOOKUP('Vendas'!E5,'Estoque'!$A$2:$F$101,6,FALSE),0)) | I5: =IF(OR('Vendas'!G5="",'Vendas'!H5=""),"",IFERROR('Vendas'!G5*'Vendas'!H5,0)) | J5: Dinheiro | K5: Concluído | L5: Curitiba - retirada no caixa
A6: V005 | B6: 46271 | C6: PD-1005 | D6: Delivery | E6: PR004 | F6: =IF('Vendas'!E6="","",IFERROR(VLOOKUP('Vendas'!E6,'Estoque'!$A$2:$F$101,2,FALSE),"Produto não cadastrado")) | G6: 1 | H6: =IF('Vendas'!E6="","",IFERROR(VLOOKUP('Vendas'!E6,'Estoque'!$A$2:$F$101,6,FALSE),0)) | I6: =IF(OR('Vendas'!G6="",'Vendas'!H6=""),"",IFERROR('Vendas'!G6*'Vendas'!H6,0)) | J6: Cartão de débito | K6: Concluído | L6: Recife - entrega residencial | N6: Canal | O6: Faturamento
A7: V006 | B7: 46272 | C7: PD-1006 | D7: Aplicativo | E7: PR006 | F7: =IF('Vendas'!E7="","",IFERROR(VLOOKUP('Vendas'!E7,'Estoque'!$A$2:$F$101,2,FALSE),"Produto não cadastrado")) | G7: 2 | H7: =IF('Vendas'!E7="","",IFERROR(VLOOKUP('Vendas'!E7,'Estoque'!$A$2:$F$101,6,FALSE),0)) | I7: =IF(OR('Vendas'!G7="",'Vendas'!H7=""),"",IFERROR('Vendas'!G7*'Vendas'!H7,0)) | J7: Cartão de crédito | K7: Concluído | L7: São Paulo - pedido via aplicativo | N7: Balcão | O7: =SUMIF('Vendas'!$D$2:$D$101,"Balcão",'Vendas'!$I$2:$I$101)
A8: V007 | B8: 46273 | C8: PD-1007 | D8: Balcão | E8: PR007 | F8: =IF('Vendas'!E8="","",IFERROR(VLOOKUP('Vendas'!E8,'Estoque'!$A$2:$F$101,2,FALSE),"Produto não cadastrado")) | G8: 4 | H8: =IF('Vendas'!E8="","",IFERROR(VLOOKUP('Vendas'!E8,'Estoque'!$A$2:$F$101,6,FALSE),0)) | I8: =IF(OR('Vendas'!G8="",'Vendas'!H8=""),"",IFERROR('Vendas'!G8*'Vendas'!H8,0)) | J8: Pix | K8: Cancelado | L8: Campinas - cliente desistiu do pedido | N8: Delivery | O8: =SUMIF('Vendas'!$D$2:$D$101,"Delivery",'Vendas'!$I$2:$I$101)
A9: V008 | B9: 46274 | C9: PD-1008 | D9: Delivery | E9: PR008 | F9: =IF('Vendas'!E9="","",IFERROR(VLOOKUP('Vendas'!E9,'Estoque'!$A$2:$F$101,2,FALSE),"Produto não cadastrado")) | G9: 1 | H9: =IF('Vendas'!E9="","",IFERROR(VLOOKUP('Vendas'!E9,'Estoque'!$A$2:$F$101,6,FALSE),0)) | I9: =IF(OR('Vendas'!G9="",'Vendas'!H9=""),"",IFERROR('Vendas'!G9*'Vendas'!H9,0)) | J9: Cartão de crédito | K9: Concluído | L9: Belo Horizonte - entrega agendada | N9: Aplicativo | O9: =SUMIF('Vendas'!$D$2:$D$101,"Aplicativo",'Vendas'!$I$2:$I$101)
A10: V009 | B10: 46275 | C10: PD-1009 | D10: Aplicativo | E10: PR009 | F10: =IF('Vendas'!E10="","",IFERROR(VLOOKUP('Vendas'!E10,'Estoque'!$A$2:$F$101,2,FALSE),"Produto não cadastrado")) | G10: 3 | H10: =IF('Vendas'!E10="","",IFERROR(VLOOKUP('Vendas'!E10,'Estoque'!$A$2:$F$101,6,FALSE),0)) | I10: =IF(OR('Vendas'!G10="",'Vendas'!H10=""),"",IFERROR('Vendas'!G10*'Vendas'!H10,0)) | J10: Pix | K10: Concluído | L10: Curitiba - pedido para escritório
A11: V010 | B11: 46276 | C11: PD-1010 | D11: Balcão | E11: PR010 | F11: =IF('Vendas'!E11="","",IFERROR(VLOOKUP('Vendas'!E11,'Estoque'!$A$2:$F$101,2,FALSE),"Produto não cadastrado")) | G11: 1 | H11: =IF('Vendas'!E11="","",IFERROR(VLOOKUP('Vendas'!E11,'Estoque'!$A$2:$F$101,6,FALSE),0)) | I11: =IF(OR('Vendas'!G11="",'Vendas'!H11=""),"",IFERROR('Vendas'!G11*'Vendas'!H11,0)) | J11: Cartão de débito | K11: Concluído | L11: Recife - consumo no salão
F12: =IF('Vendas'!E12="","",IFERROR(VLOOKUP('Vendas'!E12,'Estoque'!$A$2:$F$101,2,FALSE),"Produto não cadastrado")) | H12: =IF('Vendas'!E12="","",IFERROR(VLOOKUP('Vendas'!E12,'Estoque'!$A$2:$F$101,6,FALSE),0)) | I12: =IF(OR('Vendas'!G12="",'Vendas'!H12=""),"",IFERROR('Vendas'!G12*'Vendas'!H12,0))
F13: =IF('Vendas'!E13="","",IFERROR(VLOOKUP('Vendas'!E13,'Estoque'!$A$2:$F$101,2,FALSE),"Produto não cadastrado")) | H13: =IF('Vendas'!E13="","",IFERROR(VLOOKUP('Vendas'!E13,'Estoque'!$A$2:$F$101,6,FALSE),0)) | I13: =IF(OR('Vendas'!G13="",'Vendas'!H13=""),"",IFERROR('Vendas'!G13*'Vendas'!H13,0))
F14: =IF('Vendas'!E14="","",IFERROR(VLOOKUP('Vendas'!E14,'Estoque'!$A$2:$F$101,2,FALSE),"Produto não cadastrado")) | H14: =IF('Vendas'!E14="","",IFERROR(VLOOKUP('Vendas'!E14,'Estoque'!$A$2:$F$101,6,FALSE),0)) | I14: =IF(OR('Vendas'!G14="",'Vendas'!H14=""),"",IFERROR('Vendas'!G14*'Vendas'!H14,0))
F15: =IF('Vendas'!E15="","",IFERROR(VLOOKUP('Vendas'!E15,'Estoque'!$A$2:$F$101,2,FALSE),"Produto não cadastrado")) | H15: =IF('Vendas'!E15="","",IFERROR(VLOOKUP('Vendas'!E15,'Estoque'!$A$2:$F$101,6,FALSE),0)) | I15: =IF(OR('Vendas'!G15="",'Vendas'!H15=""),"",IFERROR('Vendas'!G15*'Vendas'!H15,0))
F16: =IF('Vendas'!E16="","",IFERROR(VLOOKUP('Vendas'!E16,'Estoque'!$A$2:$F$101,2,FALSE),"Produto não cadastrado")) | H16: =IF('Vendas'!E16="","",IFERROR(VLOOKUP('Vendas'!E16,'Estoque'!$A$2:$F$101,6,FALSE),0)) | I16: =IF(OR('Vendas'!G16="",'Vendas'!H16=""),"",IFERROR('Vendas'!G16*'Vendas'!H16,0))
F17: =IF('Vendas'!E17="","",IFERROR(VLOOKUP('Vendas'!E17,'Estoque'!$A$2:$F$101,2,FALSE),"Produto não cadastrado")) | H17: =IF('Vendas'!E17="","",IFERROR(VLOOKUP('Vendas'!E17,'Estoque'!$A$2:$F$101,6,FALSE),0)) | I17: =IF(OR('Vendas'!G17="",'Vendas'!H17=""),"",IFERROR('Vendas'!G17*'Vendas'!H17,0))
F18: =IF('Vendas'!E18="","",IFERROR(VLOOKUP('Vendas'!E18,'Estoque'!$A$2:$F$101,2,FALSE),"Produto não cadastrado")) | H18: =IF('Vendas'!E18="","",IFERROR(VLOOKUP('Vendas'!E18,'Estoque'!$A$2:$F$101,6,FALSE),0)) | I18: =IF(OR('Vendas'!G18="",'Vendas'!H18=""),"",IFERROR('Vendas'!G18*'Vendas'!H18,0))
F19: =IF('Vendas'!E19="","",IFERROR(VLOOKUP('Vendas'!E19,'Estoque'!$A$2:$F$101,2,FALSE),"Produto não cadastrado")) | H19: =IF('Vendas'!E19="","",IFERROR(VLOOKUP('Vendas'!E19,'Estoque'!$A$2:$F$101,6,FALSE),0)) | I19: =IF(OR('Vendas'!G19="",'Vendas'!H19=""),"",IFERROR('Vendas'!G19*'Vendas'!H19,0))
F20: =IF('Vendas'!E20="","",IFERROR(VLOOKUP('Vendas'!E20,'Estoque'!$A$2:$F$101,2,FALSE),"Produto não cadastrado")) | H20: =IF('Vendas'!E20="","",IFERROR(VLOOKUP('Vendas'!E20,'Estoque'!$A$2:$F$101,6,FALSE),0)) | I20: =IF(OR('Vendas'!G20="",'Vendas'!H20=""),"",IFERROR('Vendas'!G20*'Vendas'!H20,0))
F21: =IF('Vendas'!E21="","",IFERROR(VLOOKUP('Vendas'!E21,'Estoque'!$A$2:$F$101,2,FALSE),"Produto não cadastrado")) | H21: =IF('Vendas'!E21="","",IFERROR(VLOOKUP('Vendas'!E21,'Estoque'!$A$2:$F$101,6,FALSE),0)) | I21: =IF(OR('Vendas'!G21="",'Vendas'!H21=""),"",IFERROR('Vendas'!G21*'Vendas'!H21,0))
F22: =IF('Vendas'!E22="","",IFERROR(VLOOKUP('Vendas'!E22,'Estoque'!$A$2:$F$101,2,FALSE),"Produto não cadastrado")) | H22: =IF('Vendas'!E22="","",IFERROR(VLOOKUP('Vendas'!E22,'Estoque'!$A$2:$F$101,6,FALSE),0)) | I22: =IF(OR('Vendas'!G22="",'Vendas'!H22=""),"",IFERROR('Vendas'!G22*'Vendas'!H22,0))
F23: =IF('Vendas'!E23="","",IFERROR(VLOOKUP('Vendas'!E23,'Estoque'!$A$2:$F$101,2,FALSE),"Produto não cadastrado")) | H23: =IF('Vendas'!E23="","",IFERROR(VLOOKUP('Vendas'!E23,'Estoque'!$A$2:$F$101,6,FALSE),0)) | I23: =IF(OR('Vendas'!G23="",'Vendas'!H23=""),"",IFERROR('Vendas'!G23*'Vendas'!H23,0))
... F101: =IF('Vendas'!E101="","",IFERROR(VLOOKUP('Vendas'!E101,'Estoque'!$A$2:$F$101,2,FALSE),"Produto não cadastrado")) | H101: =IF('Vendas'!E101="","",IFERROR(VLOOKUP('Vendas'!E101,'Estoque'!$A$2:$F$101,6,FALSE),0)) | I101: =IF(OR('Vendas'!G101="",'Vendas'!H101=""),"",IFERROR('Vendas'!G101*'Vendas'!H101,0))

Sheet Estoque
A1: Código do produto | B1: Produto | C1: Categoria | D1: Unidade | E1: Custo unitário | F1: Preço de venda | G1: Estoque inicial | H1: Entradas | I1: Quantidade vendida | J1: Estoque atual | K1: Estoque mínimo | L1: Situação
A2: PR001 | B2: PF Executivo | C2: Prato principal | D2: unidade | E2: 14.8 | F2: 32.9 | G2: 35 | H2: 20 | I2: =IF('Estoque'!A2="","",SUMIF('Vendas'!$E$2:$E$101,'Estoque'!A2,'Vendas'!$G$2:$G$101)) | J2: =IF('Estoque'!A2="","",IFERROR('Estoque'!G2+'Estoque'!H2-'Estoque'!I2,0)) | L2: =IF('Estoque'!A2="","",IF('Estoque'!J2<='Estoque'!K2,"Repor","Adequado"))
A3: PR002 | B3: Hambúrguer Artesanal | C3: Lanche | D3: unidade | E3: 12.5 | F3: 29.9 | G3: 28 | H3: 15 | I3: =IF('Estoque'!A3="","",SUMIF('Vendas'!$E$2:$E$101,'Estoque'!A3,'Vendas'!$G$2:$G$101)) | J3: =IF('Estoque'!A3="","",IFERROR('Estoque'!G3+'Estoque'!H3-'Estoque'!I3,0)) | L3: =IF('Estoque'!A3="","",IF('Estoque'!J3<='Estoque'!K3,"Repor","Adequado"))
A4: PR003 | B4: Marmita Fit | C4: Prato principal | D4: unidade | E4: 11.2 | F4: 27.5 | G4: 32 | H4: 18 | I4: =IF('Estoque'!A4="","",SUMIF('Vendas'!$E$2:$E$101,'Estoque'!A4,'Vendas'!$G$2:$G$101)) | J4: =IF('Estoque'!A4="","",IFERROR('Estoque'!G4+'Estoque'!H4-'Estoque'!I4,0)) | L4: =IF('Estoque'!A4="","",IF('Estoque'!J4<='Estoque'!K4,"Repor","Adequado"))
A5: PR004 | B5: Combo Família | C5: Prato principal | D5: unidade | E5: 39.9 | F5: 89.9 | G5: 18 | H5: 10 | I5: =IF('Estoque'!A5="","",SUMIF('Vendas'!$E$2:$E$101,'Estoque'!A5,'Vendas'!$G$2:$G$101)) | J5: =IF('Estoque'!A5="","",IFERROR('Estoque'!G5+'Estoque'!H5-'Estoque'!I5,0)) | L5: =IF('Estoque'!A5="","",IF('Estoque'!J5<='Estoque'!K5,"Repor","Adequado"))
A6: PR005 | B6: Suco Natural | C6: Bebida | D6: copo | E6: 3.2 | F6: 10 | G6: 45 | H6: 25 | I6: =IF('Estoque'!A6="","",SUMIF('Vendas'!$E$2:$E$101,'Estoque'!A6,'Vendas'!$G$2:$G$101)) | J6: =IF('Estoque'!A6="","",IFERROR('Estoque'!G6+'Estoque'!H6-'Estoque'!I6,0)) | L6: =IF('Estoque'!A6="","",IF('Estoque'!J6<='Estoque'!K6,"Repor","Adequado"))
A7: PR006 | B7: Sobremesa de Pudim | C7: Sobremesa | D7: fatia | E7: 4.1 | F7: 12 | G7: 30 | H7: 12 | I7: =IF('Estoque'!A7="","",SUMIF('Vendas'!$E$2:$E$101,'Estoque'!A7,'Vendas'!$G$2:$G$101)) | J7: =IF('Estoque'!A7="","",IFERROR('Estoque'!G7+'Estoque'!H7-'Estoque'!I7,0)) | L7: =IF('Estoque'!A7="","",IF('Estoque'!J7<='Estoque'!K7,"Repor","Adequado"))
A8: PR007 | B8: Coxinha de Frango | C8: Lanche | D8: unidade | E8: 2.8 | F8: 8.5 | G8: 50 | H8: 30 | I8: =IF('Estoque'!A8="","",SUMIF('Vendas'!$E$2:$E$101,'Estoque'!A8,'Vendas'!$G$2:$G$101)) | J8: =IF('Estoque'!A8="","",IFERROR('Estoque'!G8+'Estoque'!H8-'Estoque'!I8,0)) | L8: =IF('Estoque'!A8="","",IF('Estoque'!J8<='Estoque'!K8,"Repor","Adequado"))
A9: PR008 | B9: Salada Caesar | C9: Prato principal | D9: unidade | E9: 9.7 | F9: 24.9 | G9: 22 | H9: 10 | I9: =IF('Estoque'!A9="","",SUMIF('Vendas'!$E$2:$E$101,'Estoque'!A9,'Vendas'!$G$2:$G$101)) | J9: =IF('Estoque'!A9="","",IFERROR('Estoque'!G9+'Estoque'!H9-'Estoque'!I9,0)) | L9: =IF('Estoque'!A9="","",IF('Estoque'!J9<='Estoque'!K9,"Repor","Adequado"))
A10: PR009 | B10: Refrigerante Lata | C10: Bebida | D10: lata | E10: 3.4 | F10: 8 | G10: 60 | H10: 24 | I10: =IF('Estoque'!A10="","",SUMIF('Vendas'!$E$2:$E$101,'Estoque'!A10,'Vendas'!$G$2:$G$101)) | J10: =IF('Estoque'!A10="","",IFERROR('Estoque'!G10+'Estoque'!H10-'Estoque'!I10,0)) | L10: =IF('Estoque'!A10="","",IF('Estoque'!J10<='Estoque'!K10,"Repor","Adequado"))
A11: PR010 | B11: Pizza Marguerita | C11: Prato principal | D11: unidade | E11: 20.5 | F11: 46.9 | G11: 20 | H11: 10 | I11: =IF('Estoque'!A11="","",SUMIF('Vendas'!$E$2:$E$101,'Estoque'!A11,'Vendas'!$G$2:$G$101)) | J11: =IF('Estoque'!A11="","",IFERROR('Estoque'!G11+'Estoque'!H11-'Estoque'!I11,0)) | L11: =IF('Estoque'!A11="","",IF('Estoque'!J11<='Estoque'!K11,"Repor","Adequado"))
I12: =IF('Estoque'!A12="","",SUMIF('Vendas'!$E$2:$E$101,'Estoque'!A12,'Vendas'!$G$2:$G$101)) | J12: =IF('Estoque'!A12="","",IFERROR('Estoque'!G12+'Estoque'!H12-'Estoque'!I12,0)) | L12: =IF('Estoque'!A12="","",IF('Estoque'!J12<='Estoque'!K12,"Repor","Adequado"))
I13: =IF('Estoque'!A13="","",SUMIF('Vendas'!$E$2:$E$101,'Estoque'!A13,'Vendas'!$G$2:$G$101)) | J13: =IF('Estoque'!A13="","",IFERROR('Estoque'!G13+'Estoque'!H13-'Estoque'!I13,0)) | L13: =IF('Estoque'!A13="","",IF('Estoque'!J13<='Estoque'!K13,"Repor","Adequado"))
I14: =IF('Estoque'!A14="","",SUMIF('Vendas'!$E$2:$E$101,'Estoque'!A14,'Vendas'!$G$2:$G$101)) | J14: =IF('Estoque'!A14="","",IFERROR('Estoque'!G14+'Estoque'!H14-'Estoque'!I14,0)) | L14: =IF('Estoque'!A14="","",IF('Estoque'!J14<='Estoque'!K14,"Repor","Adequado"))
I15: =IF('Estoque'!A15="","",SUMIF('Vendas'!$E$2:$E$101,'Estoque'!A15,'Vendas'!$G$2:$G$101)) | J15: =IF('Estoque'!A15="","",IFERROR('Estoque'!G15+'Estoque'!H15-'Estoque'!I15,0)) | L15: =IF('Estoque'!A15="","",IF('Estoque'!J15<='Estoque'!K15,"Repor","Adequado"))
I16: =IF('Estoque'!A16="","",SUMIF('Vendas'!$E$2:$E$101,'Estoque'!A16,'Vendas'!$G$2:$G$101)) | J16: =IF('Estoque'!A16="","",IFERROR('Estoque'!G16+'Estoque'!H16-'Estoque'!I16,0)) | L16: =IF('Estoque'!A16="","",IF('Estoque'!J16<='Estoque'!K16,"Repor","Adequado"))
I17: =IF('Estoque'!A17="","",SUMIF('Vendas'!$E$2:$E$101,'Estoque'!A17,'Vendas'!$G$2:$G$101)) | J17: =IF('Estoque'!A17="","",IFERROR('Estoque'!G17+'Estoque'!H17-'Estoque'!I17,0)) | L17: =IF('Estoque'!A17="","",IF('Estoque'!J17<='Estoque'!K17,"Repor","Adequado"))
I18: =IF('Estoque'!A18="","",SUMIF('Vendas'!$E$2:$E$101,'Estoque'!A18,'Vendas'!$G$2:$G$101)) | J18: =IF('Estoque'!A18="","",IFERROR('Estoque'!G18+'Estoque'!H18-'Estoque'!I18,0)) | L18: =IF('Estoque'!A18="","",IF('Estoque'!J18<='Estoque'!K18,"Repor","Adequado"))
I19: =IF('Estoque'!A19="","",SUMIF('Vendas'!$E$2:$E$101,'Estoque'!A19,'Vendas'!$G$2:$G$101)) | J19: =IF('Estoque'!A19="","",IFERROR('Estoque'!G19+'Estoque'!H19-'Estoque'!I19,0)) | L19: =IF('Estoque'!A19="","",IF('Estoque'!J19<='Estoque'!K19,"Repor","Adequado"))
I20: =IF('Estoque'!A20="","",SUMIF('Vendas'!$E$2:$E$101,'Estoque'!A20,'Vendas'!$G$2:$G$101)) | J20: =IF('Estoque'!A20="","",IFERROR('Estoque'!G20+'Estoque'!H20-'Estoque'!I20,0)) | L20: =IF('Estoque'!A20="","",IF('Estoque'!J20<='Estoque'!K20,"Repor","Adequado"))
I21: =IF('Estoque'!A21="","",SUMIF('Vendas'!$E$2:$E$101,'Estoque'!A21,'Vendas'!$G$2:$G$101)) | J21: =IF('Estoque'!A21="","",IFERROR('Estoque'!G21+'Estoque'!H21-'Estoque'!I21,0)) | L21: =IF('Estoque'!A21="","",IF('Estoque'!J21<='Estoque'!K21,"Repor","Adequado"))
I22: =IF('Estoque'!A22="","",SUMIF('Vendas'!$E$2:$E$101,'Estoque'!A22,'Vendas'!$G$2:$G$101)) | J22: =IF('Estoque'!A22="","",IFERROR('Estoque'!G22+'Estoque'!H22-'Estoque'!I22,0)) | L22: =IF('Estoque'!A22="","",IF('Estoque'!J22<='Estoque'!K22,"Repor","Adequado"))
I23: =IF('Estoque'!A23="","",SUMIF('Vendas'!$E$2:$E$101,'Estoque'!A23,'Vendas'!$G$2:$G$101)) | J23: =IF('Estoque'!A23="","",IFERROR('Estoque'!G23+'Estoque'!H23-'Estoque'!I23,0)) | L23: =IF('Estoque'!A23="","",IF('Estoque'!J23<='Estoque'!K23,"Repor","Adequado"))
... I101: =IF('Estoque'!A101="","",SUMIF('Vendas'!$E$2:$E$101,'Estoque'!A101,'Vendas'!$G$2:$G$101)) | J101: =IF('Estoque'!A101="","",IFERROR('Estoque'!G101+'Estoque'!H101-'Estoque'!I101,0)) | L101: =IF('Estoque'!A101="","",IF('Estoque'!J101<='Estoque'!K101,"Repor","Adequado"))

Sheet Fluxo de Caixa
A1: Data | B1: Tipo | C1: Categoria | D1: Descrição | E1: Forma de pagamento | F1: Valor | G1: Status | H1: Observação | J1: Indicador | K1: Valor
A2: 46266 | B2: Entrada | C2: Vendas | D2: Vendas do balcão | E2: Pix | F2: 680 | G2: Pago | H2: Movimento diário do salão | J2: Total de entradas | K2: =SUMIF('Fluxo de Caixa'!$B$2:$B$101,"Entrada",'Fluxo de Caixa'!$F$2:$F$101)
A3: 46267 | B3: Entrada | C3: Vendas | D3: Vendas por delivery | E3: Cartão de crédito | F3: 520 | G3: Pago | H3: Recebimento de entregas | J3: Total de saídas | K3: =SUMIF('Fluxo de Caixa'!$B$2:$B$101,"Saída",'Fluxo de Caixa'!$F$2:$F$101)
A4: 46268 | B4: Saída | C4: Compra de insumos | D4: Hortifruti e verduras | E4: Pix | F4: 375.5 | G4: Pago | H4: Fornecedor local | J4: Saldo do período | K4: =SUMIF('Fluxo de Caixa'!$B$2:$B$101,"Entrada",'Fluxo de Caixa'!$F$2:$F$101)-SUMIF('Fluxo de Caixa'!$B$2:$B$101,"Saída",'Fluxo de Caixa'!$F$2:$F$101)
A5: 46269 | B5: Entrada | C5: Vendas | D5: Vendas por aplicativo | E5: Cartão de crédito | F5: 430 | G5: Pago | H5: Repasse previsto em conta | J5: Despesas pendentes | K5: =SUMIF('Fluxo de Caixa'!$G$2:$G$101,"Pendente",'Fluxo de Caixa'!$F$2:$F$101)
A6: 46270 | B6: Saída | C6: Gás | D6: Recarga de botijão de gás | E6: Pix | F6: 120 | G6: Pendente | H6: Pagamento agendado
A7: 46271 | B7: Saída | C7: Embalagens | D7: Potes e sacolas para delivery | E7: Cartão de débito | F7: 180 | G7: Pago | H7: Compra de embalagens
A8: 46272 | B8: Saída | C8: Taxa de aplicativo | D8: Comissão sobre pedidos | E8: Cartão de crédito | F8: 95 | G8: Pendente | H8: Taxa semanal do aplicativo
A9: 46273 | B9: Saída | C9: Aluguel | D9: Aluguel do ponto comercial | E9: Transferência | F9: 1800 | G9: Pago | H9: Competência setembro
A10: 46275 | B10: Saída | C10: Energia elétrica | D10: Conta de energia elétrica | E10: Pix | F10: 420 | G10: Pendente | H10: Vencimento em setembro
A11: 46276 | B11: Saída | C11: Compra de insumos | D11: Carnes e proteínas | E11: Transferência | F11: 720 | G11: Pago | H11: Fornecedor de carnes
